cohdb
Replays
Latest Replays
All Replays
Popular Replays
Top Player Replays
Match Explorer
How It Works
Community
CoH3 Stats
Reddit
Sign in to upload your games and track your stats! →
Sign in with Steam
Match 36368866
Unlisted
Match 36368866
Overview
Messages
Build Orders
End
Kradschützen Motorcycle Team
250 Light Carrier
Selects Armored Support Battlegroup
Panzergrenadier Squad
Panzergrenadier Squad
Construct Light Support Kompanie
Selects Superior Fire Drills
Construct Mechanized Kompanie
Fire Support Elements
Flakvierling Half-track
Pak 38 Mechanized Group
Selects Salvage Kits
2.5-tonne Medical Truck
MG34 Team
Construct Mechanized Kompanie
StuG III D Assault Gun
Marder III Tank Destroyer
Marder III Tank Destroyer
Selects Flammpanzer III Medium Tank
Veteran Squad Leaders
Marder III Tank Destroyer
StuG III D Assault Gun
MG34 Team
deadsadbadmad
Waddn
0
0
Comments
sign in to comment!
No comments posted yet!